 Dungeon Crawl Stone Soup version 0.17-a0-1430-g49fde19 (webtiles) character file.

167 matakusis the Magician (level 5, -2/28 HPs)
             Began as a Deep Elf Wizard on June 24, 2015.
             Killed from afar by Sigmund (7 damage)
             ... with a magic dart
             ... on level 4 of the Dungeon on June 25, 2015.
             The game lasted 00:41:50 (4434 turns).

matakusis the Magician (Deep Elf Wizard)            Turns: 4434, Time: 00:41:50

Health: -2/28      AC:  3    Str:  4    XL:     5   Next: 23%
Magic:  11/15      EV: 12    Int: 24    God:
Gold:   127        SH:  0    Dex: 13    Spells: 4 memorised, 8 levels left

rFire  . . .     SeeInvis .     s - +0 dagger (flame)
rCold  . . .     Clarity  .     n - +0 robe
rNeg   . . .     SustAt   .     (no shield)
rPois  .         Gourm    .     b - +0 hat
rElec  .         Spirit   .     (no cloak)
rCorr  .         Warding  .     h - +0 pair of gloves
rMut   .         Stasis   .     (no boots)
MR     .....                    (no amulet)
Stlth  ++........               (no ring)
                                (no ring)

@: not resistant to hostile enchantments, unstealthy
A: no striking features
a: no special abilities


You were on level 4 of the Dungeon.
You were not hungry.

You visited 1 branch of the dungeon, and saw 4 of its levels.

You collected 127 gold pieces.

Inventory:

Hand weapons
 s - a +0 dagger of flaming (weapon)
Missiles
 m - 41 poisoned needles
Armour
 b - a +0 hat (worn)
 h - a +0 pair of gloves (worn)
 n - a +0 robe (worn)
Scrolls
 e - a scroll of enchant armour {unknown}
 j - a scroll of remove curse
Potions
 f - 2 potions of lignification
 i - 3 potions of curing
Books
 c - a book of Minor Magic

   Spells                             Type                      Level
   a - Magic Dart                     Conjuration                  1
   b - Blink                          Translocation                2
   c - Call Imp                       Summoning                    2
   d - Repel Missiles                 Charms/Air                   2
   e - Slow                           Hexes                        2
   f - Conjure Flame                  Conjuration/Fire             3
   g - Mephitic Cloud                 Conjuration/Poison/Air       3
Comestibles
 d - 3 bread rations
 p - 3 meat rations


   Skills:
 - Level 2.5 Dodging
 - Level 2.8 Stealth
 + Level 6.2 Spellcasting
 * Level 2.6 Conjurations
 * Level 3.0 Summonings
 + Level 1.3 Translocations


You had 8 spell levels left.
You knew the following spells:

 Your Spells              Type           Power        Failure   Level  Hunger
a - Magic Dart            Conj           ###.         2%          1    None
b - Call Imp              Summ           ###.....     3%          2    None
c - Blink                 Tloc           N/A          10%         2    None
d - Mephitic Cloud        Conj/Pois/Air  ##......     21%         3    None


Dungeon Overview and Level Annotations

Branches:
Dungeon (4/15)
 Temple: D:4-7

Altars:
Dithmenos
Fedhas
Gozag
Yredelemnul
Zin
The Shining One

Annotations:
D:4 Sigmund


Message History

You closely miss Sigmund.
Sigmund is moderately wounded.
A worm comes into view.
You barely miss Sigmund.
Sigmund is moderately wounded.
Sigmund closely misses you.
You closely miss Sigmund.
Sigmund is moderately wounded.
Sigmund hits you but does no damage.
You hit Sigmund. You burn Sigmund.
Sigmund is heavily wounded.
Casting: Magic Dart
Confirm with . or Enter, or press ? or * to list all spells.
You blink.
Sigmund closely misses you.
Casting: Blink
Confirm with . or Enter, or press ? or * to list all spells.
You blink.
Sigmund gestures at you while chanting. The magic dart hits you!
You die...

# . # # . #
#.####### #
#.####w.@...(# #
.#.ยง...........
#
#......#####.###
# ###@#.## # #
#.### # #.# #
#.# # #.# ## #.#


You could see Sigmund and a worm.

Vanquished Creatures
  A worm (D:4)
  An orc (D:3)
  12 bats
  9 hobgoblins
  3 quokkas
  A ball python (D:2)
  A giant gecko (D:2)
  3 giant newts
  9 goblins
  7 kobolds
  8 rats
  4 butterflies (D:4)
59 creatures vanquished.

Vanquished Creatures (collateral kills)
  2 orc wizards (D:3)
  2 adders
  7 gnolls (D:3)
  An adder skeleton (D:4)
  2 worms (D:3)
  7 orcs (D:3)
  A giant cockroach (D:3)
  2 hobgoblins (D:3)
  2 jackals (D:3)
  A ball python (D:3)
  5 goblins
  7 kobolds
39 creatures vanquished.

Grand Total: 98 creatures vanquished

Notes
Turn   | Place    | Note
--------------------------------------------------------------
     0 | D:1      | matakusis the Deep Elf Wizard began the quest for the Orb.
     0 | D:1      | Reached XP level 1. HP: 10/10 MP: 7/7
    58 | D:1      | Noticed an ogre
   498 | D:1      | Reached XP level 2. HP: 15/15 MP: 6/9
   502 | D:1      | Learned a level 2 spell: Call Imp
   505 | D:1      | Learned a level 2 spell: Blink
   654 | D:1      | Reached skill level 5 in Spellcasting
   834 | D:1      | Upgraded the game from 0.17-a0-1421-g95311d7 to 0.17-a0-1430-g49fde19
  1368 | D:2      | Found a glowing golden altar of the Shining One.
  1494 | D:2      | Reached XP level 3. HP: 19/19 MP: 2/11
  2555 | D:3      | Reached XP level 4. HP: 13/24 MP: 3/13
  2772 | D:3      | Found an opulent altar of Gozag.
  2774 | D:3      | Found a blossoming altar of Fedhas.
  2774 | D:3      | Found a shadowy altar of Dithmenos.
  2781 | D:3      | Found a glowing silver altar of Zin.
  3553 | D:3      | Reached skill level 6 in Spellcasting
  3553 | D:3      | Reached XP level 5. HP: 22/28 MP: 1/15
  3876 | D:3      | Found a basalt altar of Yredelemnul.
  3968 | D:3      | Learned a level 3 spell: Mephitic Cloud
  4421 | D:4      | Noticed Sigmund
  4434 | D:4      | Killed from afar by Sigmund

Vault maps used:
D:1:      evilmike_arrival_come_back
D:2:      kennysheep_another_room, nicolae_tso_carved_into_rock
D:3:      minitemple, lemuel_coloured_pillars_altar, first_bread
D:4:      minmay_temple_entry_nine_rooms, hangedman_glass_garden,
          uniq_crazy_yiuf_cottage, uniq_duvessa, uniq_pikel, uniq_sigmund

Action                   |  1- 3 |  4- 6 || total
-------------------------+-------+-------++-------
Melee: Unarmed           |     8 |       ||     8
       Dagger            |     3 |    24 ||    27
 Cast: Magic Dart        |    81 |    42 ||   123
       Call Imp          |    27 |    40 ||    67
       Blink             |     3 |     5 ||     8
  Use: Scroll            |     7 |     1 ||     8
       Potion            |     3 |       ||     3
 Stab: Sleeping          |     1 |     1 ||     2
  Eat: Bread ration      |     1 |       ||     1
       Meat ration       |       |     1 ||     1
       Pizza             |       |     1 ||     1
